 Dungeon Crawl Stone Soup version 0.29.0-13-gc9e81de378 (webtiles) character file.

Game seed: 9051437028774198461

15 H0rd4k the Charlatan (level 2, 0/21 HPs)
             Began as a Human Artificer on Sept 8, 2022.
             Succumbed to an adder's poison
             ... on level 2 of the Dungeon.
             The game lasted 00:00:42 (898 turns).

H0rd4k the Charlatan (Human Artificer)               Turns: 898, Time: 00:00:43

Health: 0/21       AC:  3    Str: 12    XL:     2   Next: 65%
Magic:  2/2        EV: 11    Int: 11    God:
Gold:   38         SH:  0    Dex: 13    Spells: 1/1 levels left

rFire   . . .      SeeInvis .   f - +0 dagger (venom)
rCold   . . .      Faith    .   (no shield)
rNeg    . . .      Spirit   .   b - +0 leather armour
rPois   .          Reflect  .   (no helmet)
rElec   .          Harm     .   (no cloak)
rCorr   .          Rampage  .   (no gloves)
Will    .....                   (no boots)
Stlth   +.........              (no amulet)
HPRegen 0.07/turn               (no ring)
MPRegen 0.08/turn               (no ring)

@: lethally poisoned (0 -> -2)
A: no striking features
a: no special abilities


You were on level 2 of the Dungeon.
You visited 1 branch of the dungeon, and saw 2 of its levels.

You collected 38 gold pieces.

Inventory:

Hand Weapons
 f - a +0 dagger of venom (weapon)
Armour
 b - a +0 leather armour (worn)
Wands
 c - a wand of flame (15) (quivered)
 d - a wand of charming (13)
 e - a wand of iceblast (5)
Scrolls
 a - 3 scrolls of identify {unknown}
 i - a scroll of summoning {unknown}
 j - a scroll of torment {unknown}
 k - a scroll of butterflies {unknown}
Potions
 g - 2 potions of haste {unknown}
 h - a potion of brilliance {unknown}


   Skills:
 + Level 1.2 Fighting
 * Level 1.5 Short Blades
 + Level 0.2 Maces & Flails
 - Level 2.0 Armour
 + Level 1.2 Dodging
 - Level 1.0 Stealth
 - Level 3.0 Evocations


You had one spell level left.
You didn't know any spells.
Your spell library contained the following spells:

 Spells                   Type           Power      Damage    Failure   Level
 Apportation              Tloc           0%         N/A       41%         1
 Sting                    Tmut/Pois      0%         1d3       41%         1
 Poisonous Vapours        Pois/Air       0%         N/A       56%         2
 Olgreb's Toxic Radiance  Pois           0%         N/A       99%         4


Dungeon Overview and Level Annotations

Branches:
Dungeon (2/15)

Altars:


Message History

The endoplasm quivers.
There is an open door here.
The adder barely misses you.
You hit the adder.
The adder is lightly wounded.
The adder bites you.
You are poisoned.
The adder poisons you! The endoplasm hits you.
You closely miss the adder.
The adder is lightly wounded.
You feel sick. The adder bites you. The endoplasm hits you.
You are too injured to fight recklessly!
You are too injured to fight recklessly!
You are too injured to fight recklessly!
You are too injured to fight recklessly!
You are too injured to fight recklessly!
You are too injured to fight recklessly!
You are too injured to fight recklessly!
You feel sick. The adder bites you.
* * * LOW HITPOINT WARNING * * *
The endoplasm closely misses you. The endoplasm attacks as you move away!
The endoplasm hits you.
* * * LOW HITPOINT WARNING * * *
x2 You feel sick.
There is an open door here.
The endoplasm attacks as you move away! The endoplasm misses you.
* * * LOW HITPOINT WARNING * * *
You feel sick.
Aiming: Charm
Press: ? - help, Shift-Dir - straight line, f - adder
Aim: an adder (lightly wounded, chance to affect: 65%)
The adder struggles to resist.
* * * LOW HITPOINT WARNING * * *
You feel sick. The adder misses you. The adder bites you.
* * * LOW HITPOINT WARNING * * *
Aiming: Charm
Press: ? - help, Shift-Dir - straight line, f/p - adder
Aim: an adder (lightly wounded, chance to affect: 65%)
The adder is charmed.
You die...

###..#.........#
##...........#
##..........######
##...(##...#....#
#.........#....#
#....#....#....#
#..(.##...#....####
#....####.#.......#
#....# #@SJ......#
#.)..# ###.........
###### #....#.##.
##.....# ####.$.
#>## ##


You could see an endoplasm and a friendly adder (charmed).

Vanquished Creatures
  3 endoplasms (D:1)
  A giant cockroach (D:1)
  2 goblins
  A hobgoblin (D:1)
  2 jackals (D:2)
  2 ball pythons (D:1)
  A rat (D:1)
12 creatures vanquished.

Notes
Turn   | Place    | Note
-------+----------+-------------------------------------------
     0 | D:1      | H0rd4k the Human Artificer began the quest for the Orb.
     0 | D:1      | Reached XP level 1. HP: 15/15 MP: 1/1
   364 | D:1      | Reached XP level 2. HP: 15/21 MP: 2/2
   445 | D:1      | Found a faded altar of an unknown god.
   450 | D:1      | Got Plato's Incunabulum of Wanderlust
   551 | D:1      | Reached skill level 1 in Short Blades
   897 | D:2      | HP: 1/21 [adder (1)]
   898 | D:2      | Succumbed to an adder's poison

Illustrated notes

Levels and vault maps discovered:
D:1:      dpeg_arrival_tiny_a, layout_loops_cross,
          shapermc_ecumenical_altar_rom_forum
D:2:      layout_basic, minmay_pentomino_q2

Skill      XL: |  1  2 |
---------------+-------+-----
Short Blades   | 1 |  1.5
Fighting       | |  1.2
Maces & Flails | |  0.2
Armour         | |  2.0
Dodging        | |  1.2
Stealth        | |  1.0
Evocations     | |  3.0

Action                   || total
-------------------------++-------
Melee: Dagger            ||    36
       Club              ||     6
Evoke: Wand              ||     2
 Stab: Sleeping          ||     3
Armor: Leather armour    ||    12
Dodge: Dodged            ||    15
